 Dungeon Crawl Stone Soup version 0.22.1-1-ga44c0e56f4 (webtiles) character file.

44 Reeggar the Grasshopper (level 3, 0/32 HPs)
             Began as a Naga Warper on Oct 28, 2018.
             Succumbed to an adder's poison
             ... on level 1 of the Dungeon.
             The game lasted 00:07:13 (1944 turns).

Reeggar the Grasshopper (Naga Warper)               Turns: 1944, Time: 00:07:14

Health: 0/32       AC:  3    Str: 14    XL:     3   Next: 62%
Magic:  1/6        EV:  8    Int: 13    God:
Gold:   17         SH:  0    Dex: 10    Spells: 4/6 levels left

rFire    . . .     SeeInvis +   a - +0 hand axe
rCold    . . .     Gourm    .   (no shield)
rNeg     . . .     Faith    .   j - +0 ring mail
rPois    +         Spirit   .   (no helmet)
rElec    .         Reflect  .   (no cloak)
rCorr    .         Harm     .   (no gloves)
MR       .....                  (no barding)
Stlth    ..........             (no amulet)
HPRegen  0.10/turn              (no ring)
MPRegen  0.10/turn              (no ring)

@: lethally poisoned (0 -> -3), very slow
A: large, see invisible, deformed body, poison resistance, slowness 2, slow
metabolism 1, spit poison 1, AC +1
a: Spit Poison


You were on level 1 of the Dungeon.
You were not hungry.

You visited 1 branch of the dungeon, and saw 2 of its levels.

You collected 17 gold pieces.

Inventory:

Hand Weapons
 a - a +0 hand axe (weapon)
Missiles
 e - 5 tomahawks of dispersal (quivered)
Armour
 h - a +0 cloak
 j - a +0 ring mail (worn)
 m - a +0 chain mail
Jewellery
 g - an uncursed ring of poison resistance {unknown}
Scrolls
 c - 2 scrolls of remove curse {unknown}
 d - a scroll of blinking
 i - a scroll of identify {unknown}
 k - a scroll of immolation {unknown}
Potions
 b - a potion of invisibility {unknown}
 l - a potion of might {unknown}


   Skills:
 + Level 2.2 Fighting
 + Level 2.7 Axes
 + Level 1.1 Throwing
 + Level 1.4 Armour
 + Level 1.6 Dodging
 + Level 2.3 Spellcasting
 + Level 3.1 Translocations


You had 4 spell levels left.
You knew the following spells:

 Your Spells              Type           Power        Failure   Level  Hunger
a - Blink                 Tloc           N/A          22%         2    ###....

Your spell library contained the following spells:

 Spells                   Type           Power        Failure   Level  Hunger
 Shroud of Golubria       Chrm/Tloc      #.........   38%         2    ###....
 Gell's Gravitas          Tloc           #.........   38%         3    ###....
 Lesser Beckoning         Tloc           #.........   38%         3    ###....
 Teleport Other           Tloc           #.......     38%         3    ###....
 Passage of Golubria      Tloc           N/A          80%         4    #####..


Dungeon Overview and Level Annotations

Branches:
Dungeon (2/15)

Altars:


Innate Abilities, Weirdness & Mutations

You cannot wear boots.
Your serpentine skin is tough. (AC +1)
You have supernaturally acute eyesight. (SInv)
Armour fits poorly on your strangely shaped body.
Your system is resistant to poisons. (rPois)
You cover ground very slowly.
You have a slow metabolism.
You can spit poison.


Message History

Okay, then.
Casting: Blink (safe; 22% risk of failure)
Confirm with . or Enter, or press ? or * to list all spells.
You blink.
Your magical contamination has completely faded away.
Casting: Blink (safe; 22% risk of failure)
Confirm with . or Enter, or press ? or * to list all spells.
You blink.
The adder barely misses you.
Casting: Blink (safe; 22% risk of failure)
Confirm with . or Enter, or press ? or * to list all spells.
You don't have enough magic to cast that spell.
You miss the adder. The adder barely misses you.
You miss the adder. The adder bites you.
* * * LOW HITPOINT WARNING * * *
You are lethally poisoned!
The adder poisons you! The adder bites you but does no damage.
You slash the adder!
The adder is severely wounded.
You die...

##..###.####.# #...# #.#
#§# #####'#####.####.#
#.........#..>...#
#.........#..###S#
#..⌠...⌠..#..# #.# ###
###.........##.###.# ..#
#.'....<....'......# #.#
#.#....)@S..##.##### #.#
#.#.(⌠...⌠[.##.# #)#
#.#.........##.# #.#
#.#.........##.#
#.#######.#####+######.#
..........##....##.# #.#
.#.................# #.#
....########...##### #.#
.....# ##)########.#


You could see an adder.

Vanquished Creatures
  An adder (D:2)
  An ooze (D:1)
  3 dart slugs (D:1)
  A leopard gecko (D:1)
  4 bats (D:1)
  A goblin (D:1)
  4 hobgoblins (D:1)
  A ball python (D:1)
  5 kobolds
  5 rats (D:1)
26 creatures vanquished.

Notes
Turn   | Place    | Note
-------+----------+-------------------------------------------
     0 | D:1      | Reeggar the Naga Warper began the quest for the Orb.
     0 | D:1      | Reached XP level 1. HP: 19/19 MP: 3/3
    56 | D:1      | Reached skill level 1 in Throwing
   335 | D:1      | Reached XP level 2. HP: 5/26 MP: 5/5
   592 | D:1      | Learned a level 2 spell: Blink
  1095 | D:1      | Reached XP level 3. HP: 27/32 MP: 6/6
  1193 | D:1      | Reached skill level 1 in Armour
  1943 | D:1      | HP: 1/32 [adder (2)]
  1944 | D:1      | Succumbed to an adder's poison

Skill      XL: |  1  2  3 |
---------------+----------+-----
Throwing       | 1 |  1.1
Armour         | 1 |  1.4
Fighting       | |  2.2
Axes           | |  2.7
Dodging        | |  1.6
Spellcasting   | |  2.3
Translocations | |  3.1

Action                   || total
-------------------------++-------
Melee: Hand axe          ||    89
 Cast: Blink             ||     4
  Eat: Ration            ||     1
       Chunk             ||     1
Armor: Leather armour    ||    25
       Ring mail         ||    11
Dodge: Dodged            ||    76
